 Dungeon Crawl Stone Soup version 0.30.0-15-g856e2d3f33 (webtiles) character file.

Game seed: 15333184515966139478

148818 qw the Warrior (level 17, -10/117 HPs)
             Began as a Gargoyle Fighter on May 19, 2023.
             Was a High Priest of Okawaru.
             Mangled by a wolf spider (12 damage)
             ... summoned by a broodmother
             ... on level 1 of the Spider Nest.
             The game lasted 00:15:01 (24760 turns).

qw the Warrior (Gargoyle Fighter)                  Turns: 24760, Time: 00:15:02

Health: -10/117    AC: 52    Str: 28      XL:     17   Next: 50%
Magic:  24/24      EV: 11    Int: 13 (14) God:    Okawaru [*****.]
Gold:   504        SH:  0    Dex:  9      Spells: 16/16 levels left

rFire   + . .        e - +8 war axe (spect)
rCold   + + +        s - +0 buckler of the Old and Reckless {rC+ Str+2}
rNeg    + . .        b - +2 plate armour of Dawn {rC+ rCorr}
rPois   inf          l - +2 helmet
rElec   +            u - scarf {rC+ rF+}
rCorr   +            o - +2 pair of gloves
SInv    .            t - +1 pair of boots
Will    ++...        q - amulet "Ziew" {Will+ Regen+ Int+3} Stlth
                     I - +7 ring of protection
HPRegen 1.19/turn    c - +5 ring of evasion
MPRegen 0.19/turn

%: no passive effects
@: about to teleport, heroic, flying, held
A: sickness immunity, AC +12, big wings, negative energy resistance 1,
electricity resistance, torment resistance 1, petrification resistance
a: Renounce Religion, Heroism, Finesse, Duel


You were on level 1 of the Spider Nest.
You worshipped Okawaru.
Okawaru was extremely pleased with you.
You visited 6 branches of the dungeon, and saw 27 of its levels.
You also visited: Sewer.

You collected 2849 gold pieces.
You spent 2345 gold pieces at shops.


Innate Abilities, Weirdness & Mutations

You are immune to sickness and miasma.
Your stone body is resilient. (AC +12)
You are immune to poison.
Your large and strong wings let you fly.
You resist negative energy. (rN+)
You are resistant to electric shocks. (rElec)
You are resistant to unholy torment.
You are immune to petrification.


   Skills:
 - Level 17.0(22.0) Fighting
 - Level 16.0(21.0) Axes
 - Level 8.6(13.6) Throwing
 + Level 15.7(20.7) Armour
 - Level 4.0(9.0) Dodging
 - Level 10.0(15.0) Shields
 - Level 10.0 Invocations


You had 16 spell levels left.
You didn't know any spells.
Your spell library was empty.

Inventory:

Hand Weapons
 e - a +8 spectral war axe (weapon)
 w - a +1 morningstar of draining
Missiles
 v - 10 boomerangs (quivered)
Armour
 b - the +2 plate armour of Dawn (worn) {rC+ rCorr}
   (You found it on level 1 of the Shoals)

   rC:        It protects you from cold.
   rCorr:     It protects you from acid and corrosion.
 g - a +0 cloak
 l - a +2 helmet (worn)
 o - a +2 pair of gloves (worn)
 s - the +0 buckler of the Old and Reckless (worn) {rC+ Str+2}
   (Okawaru gifted it to you on level 3 of the Lair of Beasts)

   Str:       It affects your strength (+2).
   rC:        It protects you from cold.
 t - a +1 pair of boots (worn)
 u - a scarf of resistance (worn)
Jewellery
 c - a +5 ring of evasion (right hand)
 m - an amulet of reflection
 q - the amulet "Ziew" (around neck) {Will+ Regen+ Int+3}
   (You found it on level 14 of the Dungeon)

   [amulet of regeneration]

   Int:       It affects your intelligence (+3).
   Regen:     It increases your rate of health regeneration.
   Will:      It increases your willpower.
 r - a ring of ice
 C - a ring of protection from fire
 D - the amulet "Wuttax" {Spirit Contam Fly rC++}
   (You found it on level 2 of the Shoals)

   [amulet of guardian spirit]

   It causes incoming damage to be divided between your reserves of health and
   magic.
   rC:        It greatly protects you from cold.
   Fly:       It grants you flight.
   Contam:    It causes magical contamination when unequipped.
 I - a +7 ring of protection (left hand)
Wands
 x - a wand of digging (3)
Scrolls
 j - 12 scrolls of identify
 p - 10 scrolls of teleportation
 B - 2 scrolls of brand weapon
Potions
 a - 5 potions of lignification
 d - 4 potions of might
 f - 6 potions of magic
 h - 6 potions of curing
 i - 4 potions of attraction
 k - 4 potions of cancellation
 n - 6 potions of heal wounds
 z - a potion of resistance
 A - 6 potions of mutation
 G - 2 potions of haste

Dungeon Overview and Level Annotations

Branches:
Dungeon (15/15)            Temple (1/1) D:4            Lair (5/5) D:10
 Shoals (3/4) Lair:3       Spider (1/4) Lair:2        Slime (0/5) Lair:4
    Orc (2/2) D:10            Elf (0/3) Orc:2        Vaults (0/5) D:14
 Depths (0/4) D:15          Sewer (visited)

Altars:
Ashenzari
Cheibriados
Dithmenos
Elyvilon
Fedhas
Gozag
Hepliaklqana
Kikubaaqudgha
Makhleb
Nemelex Xobeh
Okawaru
Qazlal
Ru
Sif Muna
Trog
Uskayaw
Vehumet
Wu Jian
Xom
Yredelemnul
Zin
The Shining One

Shops:
D:2 *   D:5 :   D:6 *   Orc:2 *?[(:   Shoals:1 [   Shoals:2 =

Annotations:
Lair:1 2 transporters, qw's ghost, journeyman GrCA
Shoals:3 3 runed translucent doors, Zipteul's ghost, adept NaBe
Spider:1 3 runed translucent doors, Gohat's ghost, journeyman HOBe


Message History

The broodmother bites you but does no damage.
The wolf spider closely misses you.
The wolf spider bites you but does no damage.
The wolf spider hits you but does no damage.
The wolf spider bites you but does no damage.
The jumping spider leaps!
The broodmother bites you but does no damage.
The wolf spider hits you but does no damage.
The wolf spider bites you but does no damage.
The wolf spider hits you but does no damage.
The wolf spider bites you but does no damage.
The jumping spider leaps!
The wolf spider barely misses you. x3
The wolf spider bites you but does no damage.
The broodmother bites you! The wolf spider hits you!
The wolf spider bites you but does no damage.
The wolf spider closely misses you.
The wolf spider bites you but does no damage.
The broodmother bites you but does no damage.
The wolf spider misses you.
The wolf spider bites you but does no damage.
The wolf spider hits you!
The wolf spider bites you but does no damage.
The jumping spider leaps!
The broodmother closely misses you.
The wolf spider hits you but does no damage.
The wolf spider bites you but does no damage.
The wolf spider hits you!
The wolf spider bites you but does no damage.
24760 ||| READING 11 scrolls of teleportation.
As you read the scroll of teleportation, it crumbles to dust.
You feel strangely unstable.
The broodmother bites you but does no damage.
The wolf spider completely misses you.
The wolf spider bites you but does no damage.
The wolf spider hits you! The wolf spider bites you.
The jumping spider leaps!
The wolf spider hits you!
The wolf spider bites you but does no damage.
The broodmother bites you but does no damage.
The wolf spider hits you!
You die...

#.#....%...##
###..#%...###
..#...#.#...####
#...#.#?#..^...#
#.#....##.##..##
###..#..#.##.### ###
##0ssss0.....#####)#.
##s#ss#..##.##..#Z..
##@ss!####..#..+ZZZ
####..# ##....+ZZZ
#..# ###..+ZZ. ..##
#..#Z.. s... ####.#.
s.### ### .#s ##.# ##


You could see a broodmother, 4 wolf spiders and 3 jumping spiders.

Vanquished Creatures
  Nikola (Shoals:3)
  Rupert (Orc:2)
  Polyphemus (Shoals:3)
  Ilsuiw (Shoals:2)
  Kirke (Shoals:1)
  2 ghost moths (Spider:1)
  An orc warlord (Orc:2)
  A stone giant (D:15)
  Snorg (D:11)
  A fire dragon (Lair:5)
  2 merfolk impalers
  4 merfolk javelineers
  2 entropy weavers (Spider:1)
  Fannar (Lair:2)
  2 vault guards (D:14)
  Erica (D:11)
  7 hydras
  A death knight (D:15)
  3 merfolk avatars
  6 centaur warriors
  A catoblepas (Shoals:3)
  A satyr (Shoals:3)
  A death yak (Shoals:3)
  8 boulder beetles
  6 two-headed ogres
  2 orc high priests (Orc:2)
  A tengu warrior (D:13)
  5 skysharks
  4 sea snakes
  A sun moth (Spider:1)
  2 orb spiders
  3 wizards
  A swamp dragon (Lair:5)
  4 orc knights (Orc:2)
  5 lindwurms
  A necromancer (D:14)
  A mana viper (shapeshifter) (D:13)
  A steelbarb worm (Spider:1)
  A deep elf pyromancer (D:7)
  3 wolf spiders
  16 manticores
  16 harpies
  4 oklob plants (Lair:4)
  10 fauns
  8 ugly things
  9 cyclopes
  An orc sorcerer (Orc:2)
  2 moths of wrath (Spider:1)
  6 merfolk sirens
  A centaur zombie (D:10)
  10 black mambas
  A guardian serpent (Lair:5)
  14 elephants
  A water nymph (Shoals:1)
  A gargoyle (D:13)
  7 cane toads
  A centaur skeleton (D:10)
  4 torpor snails
  10 komodo dragons
  A kobold demonologist (D:12)
  2 tengu conjurers
  2 rime drakes (Lair:5)
  3 efreet
  9 merfolk
  10 trolls
  3 polar bears
  4 wind drakes
  3 burning bushes (Lair:3)
  3 meliai (D:15)
  A wind drake (shapeshifter) (D:13)
  2 hornets (Lair:5)
  3 hellwings (D:10)
  4 snapping turtles
  9 tarantellas (Spider:1)
  11 blink frogs
  3 jumping spiders (Spider:1)
  9 dream sheep
  7 slime creatures
  A shadow (D:11)
  3 culicivoras (Spider:1)
  A water elemental (Shoals:2)
  Sigmund (D:2)
  14 wyverns
  3 wraiths
  A vampire (D:11)
  A hog (Shoals:1)
  62 yaks
  22 humans
  6 basilisks
  4 steam dragons
  10 vampire mosquitoes
  14 redbacks
  Menkaure (D:5)
  6 wargs
  4 acid dragons
  Duvessa (D:6)
  A swamp drake (Lair:5)
  29 water moccasins
  28 orc warriors
  2 hell hounds (Orc:2)
  An ice beast (D:5)
  3 sky beasts
  A hornet zombie (D:10)
  2 black bears
  6 ogres
  11 centaurs
  A phantom (D:4)
  4 kobold brigands
  15 bullfrogs
  2 scorpions (D:5)
  2 two-headed ogre simulacra (D:11)
  Dowan (D:6)
  7 wights
  4 killer bees
  11 howler monkeys
  A jelly (D:6)
  A gnoll bouda (D:7)
  16 orc priests
  6 hounds
  2 sleepcaps
  7 iguanas
  23 orc wizards
  A troll simulacrum (D:11)
  A boggart skeleton (D:10)
  A spriggan simulacrum (D:11)
  13 adders
  4 gnolls (D:7)
  A naga simulacrum (D:11)
  2 river rats
  2 shadow imps (D:6)
  2 white imps
  8 worms
  3 dart slugs
  61 orcs
  9 ball pythons
  5 endoplasms
  4 giant cockroaches
  6 goblins
  4 hobgoblins
  17 kobolds
  3 quokkas
  10 bats
  2 frilled lizards
  9 rats
  A spectral weapon (D:11)
814 creatures vanquished.

Vanquished Creatures (others)
  A death yak (Shoals:3)
  19 spectral weapons
20 creatures vanquished.

Grand Total: 834 creatures vanquished

Notes
Turn   | Place    | Note
-------+----------+-------------------------------------------
     0 | D:1      | qw the Gargoyle Fighter began the quest for the Orb.
     0 | D:1      | Reached XP level 1. HP: 14/14 MP: 1/1
     0 | D:1      | 0 ||| qw: Version: 0.2-a-96-g8eb1148
     0 | D:1      | 0 ||| qw: Game counter: 5
     0 | D:1      | 0 ||| qw: Always use a shield: true
     0 | D:1      | 0 ||| qw: God list: Okawaru
     0 | D:1      | 0 ||| qw: Allow faded altars: false
     0 | D:1      | 0 ||| qw: Do Orc after D:15 true
     0 | D:1      | 0 ||| qw: Do second Lair branch before Depths: true
     0 | D:1      | 0 ||| qw: Lair rune preference: random
     0 | D:1      | 0 ||| qw: Plans: Normal, Zot:1-4, God:TSO, Crypt, Tomb,
                  | Pan, Slime:5, Hells, Abyss, Win
     0 | D:1      | 0 ||| PLANNING D:1-11
   173 | D:1      | 173 ||| Stepping ~*~*~tactically~*~*~ (stealth).
   174 | D:1      | 174 ||| Stepping ~*~*~tactically~*~*~ (stealth).
   175 | D:1      | 175 ||| Stepping ~*~*~tactically~*~*~ (stealth).
   179 | D:1      | 179 ||| Stepping ~*~*~tactically~*~*~ (stealth).
   180 | D:1      | 180 ||| Stepping ~*~*~tactically~*~*~ (stealth).
   182 | D:1      | 182 ||| Stepping ~*~*~tactically~*~*~ (stealth).
   188 | D:1      | Reached XP level 2. HP: 19/19 MP: 2/2
   324 | D:1      | Found a faded altar of an unknown god.
   328 | D:1      | 328 ||| Stepping ~*~*~tactically~*~*~ (hiding).
   828 | D:1      | 828 ||| UPGRADING to +0 cloak.
   833 | D:1      | 833 ||| READING scroll labelled DEEQATIMI.
   887 | D:2      | Reached skill level 3 in Axes
   919 | D:2      | Noticed Sigmund
   927 | D:2      | HP: 2/19 [Sigmund/magic dart (5)]
   931 | D:2      | Killed Sigmund
   932 | D:2      | Reached XP level 3. HP: 3/23 MP: 3/3
   932 | D:2      | Reached XP level 4. HP: 4/28 MP: 4/4
   932 | D:2      | Reached XP level 5. HP: 5/32 MP: 5/5
  1309 | D:2      | 1309 ||| Stepping ~*~*~tactically~*~*~ (hiding).
  1340 | D:2      | Reached skill level 4 in Fighting
  1406 | D:2      | Reached XP level 6. HP: 38/38 MP: 6/6
  1409 | D:2      | Found Boyz Nid's Assorted Antiques.
  1416 | D:2      | 1416 ||| SHOPLISTING broad axe (120 gold, have 69).
  1416 | D:2      | 1416 ||| BUYING emerald potion (27 gold).
  1416 | D:2      | Bought an emerald potion for 27 gold pieces
  1416 | D:2      | 1416 ||| BUYING fuming golden potion (27 gold).
  1416 | D:2      | Bought a fuming golden potion for 27 gold pieces
  1416 | D:2      | 1416 ||| SHOPLISTING scroll labelled BINOIT IDUSS (30 gold,
                  | have 15).
  1416 | D:2      | 1416 ||| SHOPLISTING scroll labelled PUZINU RIOFITO (30
                  | gold, have 15).
  1714 | D:2      | 1714 ||| DROPPING amulet of faith.
  1715 | D:2      | 1715 ||| READING scroll labelled ELIJATH RYOV.
  1716 | D:2      | 1716 ||| DRINKING 2 dark potions.
  1742 | D:2      | 1742 ||| DRINKING 3 black potions.
  1743 | D:2      | 1743 ||| DRINKING 2 fuming golden potions.
  1965 | D:3      | Reached skill level 1 in Dodging
  2072 | D:3      | Found a blossoming altar of Fedhas.
  2125 | D:3      | 2125 ||| Stepping ~*~*~tactically~*~*~ (stealth).
  2603 | D:3      | 2603 ||| UPGRADING to +0 pair of gloves.
  2608 | D:3      | 2608 ||| UPGRADING to +0 chain mail.
  2618 | D:3      | 2618 ||| DROPPING +0 scale mail.
  2619 | D:3      | 2619 ||| DROPPING +6 ring of intelligence.
  2620 | D:3      | 2620 ||| READING scroll labelled LOTYKYCZIOMI.
  2621 | D:3      | 2621 ||| READING scroll labelled COANAO NOIH.
  2622 | D:3      | 2622 ||| READING scroll labelled LICKUK ISOI.
  2623 | D:3      | 2623 ||| DRINKING 3 inky potions.
  2710 | D:4      | 2710 ||| Stepping ~*~*~tactically~*~*~ (hiding).
  2743 | D:4      | 2743 ||| DROPPING +0 flail.
  2776 | D:4      | Noticed a sky beast
  2788 | D:4      | Killed a sky beast
  2789 | D:4      | Reached skill level 6 in Axes
  2789 | D:4      | Reached XP level 7. HP: 41/43 MP: 7/7
  2800 | D:4      | Found a staircase to the Ecumenical Temple.
  2801 | D:4      | 2801 ||| PLANNING TEMPLE
  2801 | D:4      | 2801 ||| READING scroll labelled ETONOA KUNGUNI.
  2820 | D:4      | 2820 ||| Stepping ~*~*~tactically~*~*~ (water).
  2867 | Temple   | Entered the Ecumenical Temple
  2869 | Temple   | 2869 ||| PLANNING OKAWARU WORSHIP
  2994 | Temple   | Became a worshipper of Warmaster Okawaru
  2994 | Temple   | 2994 ||| PLANNING D:1-11
  3250 | D:4      | 3250 ||| Stepping ~*~*~tactically~*~*~ (hiding).
  3358 | D:4      | 3358 ||| READING scroll of enchant weapon.
  3358 | D:4      | 3358 ||| ENCHANTING +0 spectral war axe.
  3603 | D:4      | 3603 ||| UPGRADING to +0 helmet.
  3608 | D:4      | 3608 ||| READING scroll labelled GITWEA SUNO.
  3609 | D:4      | 3609 ||| READING scroll labelled PUZINU RIOFITO.
  3614 | D:4      | 3614 ||| READING scroll labelled EHOCASTREBBI.
  3627 | D:5      | Entered Level 5 of the Dungeon
  3687 | D:5      | Reached skill level 5 in Fighting
  3713 | D:5      | Reached XP level 8. HP: 49/49 MP: 8/8
  3740 | D:5      | You fall into a shaft and drop 2 floors!
  3749 | D:6      | 3749 ||| PLANNING SEWER
  3766 | D:6      | Reached * piety under Okawaru
  3767 | D:6      | 3767 ||| INVOKING Heroism.
  3816 | D:6      | 3816 ||| Stepping ~*~*~tactically~*~*~ (stealth).
  3817 | D:6      | 3817 ||| Stepping ~*~*~tactically~*~*~ (stealth).
  3818 | D:6      | 3818 ||| Stepping ~*~*~tactically~*~*~ (stealth).
  3916 | D:6      | Found Ifrokiag's Elemental Accessories.
  3927 | D:6      | Reached skill level 1 in Invocations
  3945 | D:6      | Noticed Dowan
  3946 | D:6      | 3946 ||| INVOKING Heroism.
  3946 | D:6      | Noticed Duvessa
  3955 | D:6      | Killed Duvessa
  3959 | D:6      | 3959 ||| INVOKING Heroism.
  3960 | D:6      | Killed Dowan
  4060 | D:6      | 4060 ||| Stepping ~*~*~tactically~*~*~ (hiding).
  4061 | D:6      | 4061 ||| Stepping ~*~*~tactically~*~*~ (hiding).
  4063 | D:6      | 4063 ||| INVOKING Heroism.
  4065 | D:6      | Reached skill level 3 in Invocations
  4071 | D:6      | Reached skill level 6 in Fighting
  4079 | D:6      | 4079 ||| Stepping ~*~*~tactically~*~*~ (stealth).
  4081 | D:6      | 4081 ||| Stepping ~*~*~tactically~*~*~ (hiding).
  4082 | D:6      | 4082 ||| Stepping ~*~*~tactically~*~*~ (hiding).
  4084 | D:6      | 4084 ||| Stepping ~*~*~tactically~*~*~ (hiding).
  4088 | D:6      | Reached XP level 9. HP: 55/55 MP: 11/11
  4214 | D:6      | 4214 ||| Stepping ~*~*~tactically~*~*~ (stealth).
  4246 | D:6      | Found a glowing drain.
  4247 | D:6      | 4247 ||| Stepping ~*~*~tactically~*~*~ (water).
  4265 | Sewer    | Entered a sewer
  4452 | D:6      | 4452 ||| PLANNING D:1-11
  4544 | D:5      | 4544 ||| INVOKING Heroism.
  4670 | D:5      | Noticed Menkaure
  4671 | D:5      | 4671 ||| INVOKING Heroism.
  4674 | D:5      | Killed Menkaure
  4682 | D:5      | Reached skill level 9 in Axes
  4688 | D:5      | Found Jeuc Boy's Book Shop.
  5073 | D:5      | 5073 ||| READING scroll labelled DEICHE UZ RESO.
  5174 | D:6      | 5174 ||| INVOKING Heroism.
  5410 | D:6      | 5410 ||| READING scroll of enchant armour.
  5410 | D:6      | 5410 ||| ENCHANTING +0 pair of gloves.
  5450 | D:6      | Found a glowing golden altar of the Shining One.
  5564 | D:6      | 5564 ||| UPGRADING to +0 plate armour.
  5574 | D:6      | 5574 ||| DROPPING +0 chain mail.
  5575 | D:6      | 5575 ||| UPGRADING to amulet of regeneration.
  5580 | D:6      | 5580 ||| READING 2 scrolls of identify.
  5580 | D:6      | 5580 ||| IDENTIFYING blue potion
  5625 | D:7      | 5625 ||| READING scroll of enchant weapon.
  5625 | D:7      | 5625 ||| ENCHANTING +1 spectral war axe.
  5659 | D:7      | Reached ** piety under Okawaru
  5744 | D:7      | 5744 ||| Stepping ~*~*~tactically~*~*~ (hiding).
  5749 | D:7      | 5749 ||| INVOKING Heroism.
  5758 | D:7      | Reached skill level 1 in Throwing
  5758 | D:7      | 5758 ||| Stepping ~*~*~tactically~*~*~ (hiding).
  5762 | D:7      | Reached skill level 6 in Armour
  5763 | D:7      | 5763 ||| Stepping ~*~*~tactically~*~*~ (hiding).
  5768 | D:7      | Reached skill level 7 in Fighting
  5769 | D:7      | Noticed a manticore
  5773 | D:7      | 5773 ||| Stepping ~*~*~tactically~*~*~ (hiding).
  5778 | D:7      | 5778 ||| INVOKING Heroism.
  5783 | D:7      | Killed a manticore
  5784 | D:7      | Reached XP level 10. HP: 63/63 MP: 10/13
  5806 | D:7      | Noticed a deep elf pyromancer
  5817 | D:7      | Killed a deep elf pyromancer
  5817 | D:7      | Reached *** piety under Okawaru
  5822 | D:7      | 5822 ||| Stepping ~*~*~tactically~*~*~ (hiding).
  6014 | D:7      | 6014 ||| UPGRADING to scarf of resistance.
  6020 | D:7      | 6020 ||| UPGRADING to +0 cloak.
  6025 | D:7      | 6025 ||| UPGRADING to scarf of resistance.
  6052 | D:7      | 6052 ||| Stepping ~*~*~tactically~*~*~ (hiding).
  6055 | D:7      | 6055 ||| Stepping ~*~*~tactically~*~*~ (hiding).
  6074 | D:7      | Found a shimmering blue altar of Sif Muna.
  6075 | D:7      | 6075 ||| INVOKING Heroism.
  6096 | D:7      | 6096 ||| Stepping ~*~*~tactically~*~*~ (stealth).
  6197 | D:7      | 6197 ||| Invisibility monster not found???
  6202 | D:7      | 6202 ||| DRINKING 4 potions of curing.
  6202 | D:7      | 6202 ||| (to cure confusion)
  6484 | D:7      | 6484 ||| DROPPING ring of magical power.
  6485 | D:7      | 6485 ||| READING 2 scrolls of identify.
  6485 | D:7      | 6485 ||| IDENTIFYING grey potion
  6513 | D:8      | Noticed a cyan ugly thing
  6514 | D:8      | 6514 ||| Stepping ~*~*~tactically~*~*~ (stealth).
  6523 | D:8      | 6523 ||| INVOKING Heroism.
  6531 | D:8      | Killed a cyan ugly thing
  6532 | D:8      | Reached skill level 8 in Fighting
  6534 | D:8      | Noticed a boulder beetle
  6537 | D:8      | 6537 ||| INVOKING Heroism.
  6547 | D:8      | Killed a boulder beetle
  6557 | D:8      | 6557 ||| DRINKING 3 potions of curing.
  6557 | D:8      | 6557 ||| (to cure confusion)
  6577 | D:8      | 6577 ||| READING scroll of enchant weapon.
  6577 | D:8      | 6577 ||| ENCHANTING +2 spectral war axe.
  6637 | D:8      | Reached **** piety under Okawaru
  6834 | D:8      | 6834 ||| Stepping ~*~*~tactically~*~*~ (stealth).
  6967 | D:8      | Found a hazy altar of Hepliaklqana.
  7547 | D:8      | 7547 ||| UPGRADING to ring of willpower.
  7548 | D:8      | 7548 ||| READING scroll labelled FUXAKHL WAMEKOY.
  7549 | D:8      | 7549 ||| DRINKING 2 brown potions.
  7653 | D:8      | 7653 ||| DROPPING potion of berserk rage.
  7741 | D:9      | 7741 ||| Stepping ~*~*~tactically~*~*~ (hiding).
  7743 | D:9      | 7743 ||| Stepping ~*~*~tactically~*~*~ (hiding).
  7748 | D:9      | 7748 ||| Stepping ~*~*~tactically~*~*~ (hiding).
  7755 | D:9      | 7755 ||| Stepping ~*~*~tactically~*~*~ (stealth).
  7769 | D:9      | Noticed a two-headed ogre
  7770 | D:9      | 7770 ||| INVOKING Heroism.
  7773 | D:9      | Killed a two-headed ogre
  7774 | D:9      | Reached XP level 11. HP: 57/69 MP: 11/15
  7881 | D:9      | Reached skill level 9 in Fighting
  7905 | D:9      | Reached skill level 6 in Invocations
  7906 | D:9      | Received a gift from Okawaru
  8015 | D:9      | 8015 ||| Stepping ~*~*~tactically~*~*~ (hiding).
  8021 | D:9      | 8021 ||| INVOKING Heroism.
  8121 | D:9      | 8121 ||| Stepping ~*~*~tactically~*~*~ (hiding).
  8122 | D:9      | 8122 ||| Stepping ~*~*~tactically~*~*~ (hiding).
  8123 | D:9      | 8123 ||| Stepping ~*~*~tactically~*~*~ (hiding).
  8124 | D:9      | 8124 ||| Stepping ~*~*~tactically~*~*~ (hiding).
  8125 | D:9      | 8125 ||| Stepping ~*~*~tactically~*~*~ (hiding).
  8175 | D:9      | 8175 ||| Stepping ~*~*~tactically~*~*~ (stealth).
  8242 | D:9      | Noticed a two-headed ogre
  8243 | D:9      | 8243 ||| INVOKING Heroism.
  8244 | D:9      | 8244 ||| Stepping ~*~*~tactically~*~*~ (stealth).
  8250 | D:9      | Killed a two-headed ogre
  8250 | D:9      | Received a gift from Okawaru
  8254 | D:9      | 8254 ||| Stepping ~*~*~tactically~*~*~ (stealth).
  8268 | D:9      | 8268 ||| Stepping ~*~*~tactically~*~*~ (hiding).
  8270 | D:9      | 8270 ||| Stepping ~*~*~tactically~*~*~ (hiding).
  8276 | D:9      | 8276 ||| Stepping ~*~*~tactically~*~*~ (stealth).
  8277 | D:9      | 8277 ||| Stepping ~*~*~tactically~*~*~ (stealth).
  8284 | D:9      | 8284 ||| Stepping ~*~*~tactically~*~*~ (hiding).
  8616 | D:9      | 8616 ||| DRINKING 3 bubbling dark potions.
  8617 | D:9      | 8617 ||| DRINKING 2 lumpy grey potions.
  8618 | D:9      | 8618 ||| READING 2 scrolls of identify.
  8618 | D:9      | 8618 ||| IDENTIFYING emerald potion
  8619 | D:9      | 8619 ||| DROPPING potion of flight.
  8620 | D:9      | 8620 ||| DROPPING 2 potions of degeneration.
  8635 | D:10     | Entered Level 10 of the Dungeon
  8640 | D:10     | 8640 ||| INVOKING Heroism.
  8694 | D:10     | Found a staircase to the Lair.
  8700 | D:10     | 8700 ||| INVOKING Heroism.
  8724 | D:10     | 8724 ||| Stepping ~*~*~tactically~*~*~ (stealth).
  8769 | D:10     | 8769 ||| Stepping ~*~*~tactically~*~*~ (stealth).
  8770 | D:10     | 8770 ||| Stepping ~*~*~tactically~*~*~ (stealth).
  8784 | D:10     | Reached ***** piety under Okawaru
  8788 | D:10     | Reached skill level 3 in Throwing
  8881 | D:10     | Found a staircase to the Orcish Mines.
  9097 | D:10     | 9097 ||| READING scroll labelled JYUFIZANA.
  9111 | D:10     | 9111 ||| INVOKING Heroism.
  9116 | D:10     | Reached skill level 9 in Invocations
  9153 | D:10     | Found the +4 Cigotuvi's embrace {Corpsefed rMiasma Drain
                  | rN+}
  9330 | D:10     | 9330 ||| PLANNING LAIR
  9353 | Lair:1   | Entered Level 1 of the Lair of Beasts
  9366 | Lair:1   | 9366 ||| INVOKING Heroism.
  9372 | Lair:1   | Reached XP level 12. HP: 64/76 MP: 15/18
  9403 | Lair:1   | 9403 ||| Stepping ~*~*~tactically~*~*~ (stealth).
  9524 | Lair:1   | Reached skill level 12 in Axes
  9618 | Lair:1   | Noticed a death yak
  9674 | Lair:1   | Found a transporter.
  9679 | Lair:1   | 9679 ||| INVOKING Heroism.
  9774 | Lair:1   | Found a transporter.
  9806 | Lair:1   | Noticed qw's ghost (journeyman GrCA)
 10101 | Lair:1   | 10101 ||| UPGRADING to +1 plate armour of cold resistance.
 10111 | Lair:1   | 10111 ||| DROPPING +0 plate armour.
 10112 | Lair:1   | 10112 ||| READING scroll labelled BINOIT IDUSS.
 10113 | Lair:1   | 10113 ||| READING 4 scrolls of identify.
 10113 | Lair:1   | 10113 ||| IDENTIFYING lumpy silvery potion
 10125 | Lair:2   | 10125 ||| Stepping ~*~*~tactically~*~*~ (stealth).
 10126 | Lair:2   | 10126 ||| Stepping ~*~*~tactically~*~*~ (stealth).
 10128 | Lair:2   | 10128 ||| Stepping ~*~*~tactically~*~*~ (stealth).
 10141 | Lair:2   | Reached skill level 6 in Shields
 10455 | Lair:2   | Noticed Fannar
 10469 | Lair:2   | 10469 ||| INVOKING Heroism.
 10472 | Lair:2   | Killed Fannar
 10643 | Lair:2   | Found a hole to the Spider Nest.
 10644 | Lair:2   | 10644 ||| INVOKING Finesse.
 10650 | Lair:2   | 10650 ||| INVOKING Heroism.
 10664 | Lair:2   | Reached skill level 9 in Armour
 11362 | Lair:3   | 11362 ||| INVOKING Heroism.
 11363 | Lair:3   | Found a staircase to the Shoals.
 11371 | Lair:3   | Reached skill level 10 in Fighting
 11461 | Lair:3   | 11461 ||| READING scroll of enchant weapon.
 11461 | Lair:3   | 11461 ||| ENCHANTING +3 spectral war axe.
 11486 | Lair:3   | 11486 ||| INVOKING Heroism.
 11540 | Lair:3   | 11540 ||| Stepping ~*~*~tactically~*~*~ (stealth).
 11541 | Lair:3   | 11541 ||| Stepping ~*~*~tactically~*~*~ (stealth).
 11542 | Lair:3   | 11542 ||| INVOKING Heroism.
 11557 | Lair:3   | Identified the +0 buckler of the Old and Reckless {rC+
                  | Str+2} (Okawaru gifted it to you on level 3 of the Lair of
                  | Beasts)
 11557 | Lair:3   | Received a gift from Okawaru
 11839 | Lair:3   | 11839 ||| INVOKING Heroism.
 11910 | Lair:3   | 11910 ||| UPGRADING to +0 buckler of the Old and Reckless
                  | {rC+ Str+2}.
 11920 | Lair:3   | 11920 ||| DROPPING +0 buckler.
 11921 | Lair:3   | 11921 ||| UPGRADING to +1 pair of boots.
 11942 | Lair:4   | 11942 ||| INVOKING Heroism.
 11975 | Lair:4   | Reached XP level 13. HP: 82/82 MP: 20/20
 12032 | Lair:4   | 12032 ||| INVOKING Heroism.
 12033 | Lair:4   | 12033 ||| INVOKING Finesse.
 12043 | Lair:4   | 12043 ||| SWAPPING to +0 morningstar.
 12049 | Lair:4   | 12049 ||| SWAPPING to +4 spectral war axe.
 12174 | Lair:4   | 12174 ||| INVOKING Heroism.
 12211 | Lair:4   | 12211 ||| INVOKING Heroism.
 12212 | Lair:4   | 12212 ||| INVOKING Finesse.
 12218 | Lair:4   | 12218 ||| Stepping ~*~*~tactically~*~*~ (hiding).
 12221 | Lair:4   | 12221 ||| SWAPPING to +0 morningstar.
 12228 | Lair:4   | 12228 ||| SWAPPING to +4 spectral war axe.
 12268 | Lair:4   | Found a staircase to the Slime Pits.
 12271 | Lair:4   | 12271 ||| INVOKING Heroism.
 12289 | Lair:4   | Received a gift from Okawaru
 12492 | Lair:4   | 12492 ||| Stepping ~*~*~tactically~*~*~ (stealth).
 12496 | Lair:4   | 12496 ||| Stepping ~*~*~tactically~*~*~ (stealth).
 12574 | Lair:4   | 12574 ||| DROPPING orb of light.
 12575 | Lair:4   | 12575 ||| UPGRADING to +4 ring of protection.
 12576 | Lair:4   | 12576 ||| READING scroll labelled RUTISOAGGI.
 12693 | Lair:5   | Entered Level 5 of the Lair of Beasts
 12700 | Lair:5   | 12700 ||| INVOKING Heroism.
 12707 | Lair:5   | Identified the +4 battleaxe of Sloth {flame, rPois Will+
                  | Int-4 Dex+5} (Okawaru gifted it to you on level 5 of the
                  | Lair of Beasts)
 12707 | Lair:5   | Received a gift from Okawaru
 12720 | Lair:5   | 12720 ||| INVOKING Finesse.
 12728 | Lair:5   | 12728 ||| SWAPPING to +0 morningstar.
 12730 | Lair:5   | Reached skill level 11 in Fighting
 12730 | Lair:5   | 12730 ||| SWAPPING to +4 spectral war axe.
 12774 | Lair:5   | 12774 ||| Stepping ~*~*~tactically~*~*~ (stealth).
 12806 | Lair:5   | 12806 ||| Stepping ~*~*~tactically~*~*~ (stealth).
 12869 | Lair:5   | 12869 ||| Stepping ~*~*~tactically~*~*~ (stealth).
 12906 | Lair:5   | 12906 ||| INVOKING Heroism.
 12911 | Lair:5   | 12911 ||| SWAPPING to +0 morningstar.
 12916 | Lair:5   | 12916 ||| SWAPPING to +4 spectral war axe.
 12951 | Lair:5   | 12951 ||| Stepping ~*~*~tactically~*~*~ (stealth).
 12957 | Lair:5   | 12957 ||| Stepping ~*~*~tactically~*~*~ (stealth).
 12968 | Lair:5   | 12968 ||| INVOKING Heroism.
 13000 | Lair:5   | 13000 ||| INVOKING Heroism.
 13008 | Lair:5   | 13008 ||| Stepping ~*~*~tactically~*~*~ (stealth).
 13058 | Lair:5   | 13058 ||| Stepping ~*~*~tactically~*~*~ (stealth).
 13059 | Lair:5   | 13059 ||| Stepping ~*~*~tactically~*~*~ (stealth).
 13086 | Lair:5   | 13086 ||| Stepping ~*~*~tactically~*~*~ (stealth).
 13102 | Lair:5   | Reached skill level 15 in Axes
 13106 | Lair:5   | Gained mutation: Your large and strong wings let you fly.
                  | [Gargoyle growth]
 13106 | Lair:5   | Reached XP level 14. HP: 84/90 MP: 21/21
 13123 | Lair:5   | Received a gift from Okawaru
 13184 | Lair:5   | 13184 ||| READING scroll of enchant weapon.
 13184 | Lair:5   | 13184 ||| ENCHANTING +4 spectral war axe.
 13197 | Lair:5   | 13197 ||| Stepping ~*~*~tactically~*~*~ (stealth).
 13255 | Lair:5   | 13255 ||| Stepping ~*~*~tactically~*~*~ (stealth).
 13310 | Lair:5   | Received a gift from Okawaru
 13312 | Lair:5   | 13312 ||| DROPPING +2 heavy broad axe.
 13321 | Lair:5   | 13321 ||| Stepping ~*~*~tactically~*~*~ (stealth).
 13323 | Lair:5   | 13323 ||| Stepping ~*~*~tactically~*~*~ (stealth).
 13332 | Lair:5   | Reached skill level 12 in Fighting
 13451 | Lair:5   | 13451 ||| INVOKING Heroism.
 13452 | Lair:5   | 13452 ||| INVOKING Finesse.
 13458 | Lair:5   | 13458 ||| SWAPPING to +0 morningstar.
 13465 | Lair:5   | 13465 ||| SWAPPING to +5 spectral war axe.
 13495 | Lair:5   | 13495 ||| Stepping ~*~*~tactically~*~*~ (stealth).
 13497 | Lair:5   | 13497 ||| Stepping ~*~*~tactically~*~*~ (stealth).
 13534 | Lair:5   | 13534 ||| Stepping ~*~*~tactically~*~*~ (stealth).
 13535 | Lair:5   | 13535 ||| INVOKING Heroism.
 13587 | Lair:5   | 13587 ||| Stepping ~*~*~tactically~*~*~ (hiding).
 13588 | Lair:5   | 13588 ||| Stepping ~*~*~tactically~*~*~ (hiding).
 13598 | Lair:5   | 13598 ||| Stepping ~*~*~tactically~*~*~ (stealth).
 13600 | Lair:5   | 13600 ||| Stepping ~*~*~tactically~*~*~ (stealth).
 13629 | Lair:5   | 13629 ||| Stepping ~*~*~tactically~*~*~ (hiding).
 13630 | Lair:5   | 13630 ||| Stepping ~*~*~tactically~*~*~ (hiding).
 13637 | Lair:5   | 13637 ||| Stepping ~*~*~tactically~*~*~ (stealth).
 13754 | Lair:5   | 13754 ||| Stepping ~*~*~tactically~*~*~ (hiding).
 13755 | Lair:5   | 13755 ||| Stepping ~*~*~tactically~*~*~ (hiding).
 13757 | Lair:5   | 13757 ||| Stepping ~*~*~tactically~*~*~ (hiding).
 13831 | Lair:5   | 13831 ||| Stepping ~*~*~tactically~*~*~ (stealth).
 13845 | Lair:5   | 13845 ||| Stepping ~*~*~tactically~*~*~ (hiding).
 13866 | Lair:5   | 13866 ||| INVOKING Heroism.
 13867 | Lair:5   | 13867 ||| INVOKING Finesse.
 13868 | Lair:5   | 13868 ||| INVOKING Finesse.
 13995 | Lair:5   | Identified the +3 ring mail of Sehapoe {Contam +Inv Will+
                  | rCorr} (Okawaru gifted it to you on level 5 of the Lair of
                  | Beasts)
 13995 | Lair:5   | Received a gift from Okawaru
 14063 | Lair:5   | 14063 ||| Stepping ~*~*~tactically~*~*~ (stealth).
 14184 | Lair:5   | 14184 ||| Stepping ~*~*~tactically~*~*~ (stealth).
 14185 | Lair:5   | 14185 ||| Stepping ~*~*~tactically~*~*~ (stealth).
 14387 | Lair:5   | 14387 ||| PLANNING D:1-11
 14387 | Lair:5   | 14387 ||| DROPPING +0 acid dragon scales.
 14520 | D:11     | 14520 ||| STAIRDANCE
 14626 | D:11     | Noticed Snorg
 14627 | D:11     | 14627 ||| Stepping ~*~*~tactically~*~*~ (stealth).
 14631 | D:11     | 14631 ||| INVOKING Heroism.
 14632 | D:11     | 14632 ||| INVOKING Finesse.
 14643 | D:11     | Killed Snorg
 14785 | D:11     | 14785 ||| READING scroll of enchant weapon.
 14785 | D:11     | 14785 ||| ENCHANTING +5 spectral war axe.
 14840 | D:11     | 14840 ||| INVOKING Heroism.
 14841 | D:11     | 14841 ||| INVOKING Finesse.
 14855 | D:11     | 14855 ||| Stepping ~*~*~tactically~*~*~ (hiding).
 14858 | D:11     | 14858 ||| Stepping ~*~*~tactically~*~*~ (hiding).
 14899 | D:11     | 14899 ||| Stepping ~*~*~tactically~*~*~ (stealth).
 14910 | D:11     | 14910 ||| Stepping ~*~*~tactically~*~*~ (stealth).
 14915 | D:11     | 14915 ||| Stepping ~*~*~tactically~*~*~ (hiding).
 14929 | D:11     | 14929 ||| INVOKING Heroism.
 14935 | D:11     | Reached skill level 12 in Armour
 14965 | D:11     | Reached skill level 3 in Dodging
 14988 | D:11     | 14988 ||| Stepping ~*~*~tactically~*~*~ (hiding).
 15007 | D:11     | 15007 ||| Stepping ~*~*~tactically~*~*~ (stealth).
 15094 | D:11     | Found a frozen archway.
 15205 | D:11     | 15205 ||| INVOKING Heroism.
 15263 | D:11     | Reached XP level 15. HP: 96/96 MP: 22/22
 15299 | D:11     | Noticed Erica
 15300 | D:11     | 15300 ||| INVOKING Heroism.
 15305 | D:11     | Killed Erica
 15450 | D:11     | 15450 ||| Stepping ~*~*~tactically~*~*~ (hiding).
 15451 | D:11     | 15451 ||| Stepping ~*~*~tactically~*~*~ (hiding).
 15815 | D:11     | Found a sacrificial altar of Ru.
 15837 | D:11     | 15837 ||| PLANNING D
 15837 | D:11     | 15837 ||| UPGRADING to +5 ring of evasion.
 15839 | D:11     | 15839 ||| DROPPING ring of willpower.
 15840 | D:11     | 15840 ||| READING 3 scrolls labelled MAC QITUMNEBBO.
 15841 | D:11     | 15841 ||| READING 8 scrolls of identify.
 15841 | D:11     | 15841 ||| IDENTIFYING murky grey potion
 15842 | D:11     | 15842 ||| READING 7 scrolls of identify.
 15842 | D:11     | 15842 ||| IDENTIFYING amethyst potion
 15843 | D:11     | 15843 ||| DROPPING potion of invisibility.
 15844 | D:11     | 15844 ||| DROPPING 2 scrolls of amnesia.
 15876 | D:12     | 15876 ||| Stepping ~*~*~tactically~*~*~ (hiding).
 16085 | D:12     | 16085 ||| Stepping ~*~*~tactically~*~*~ (hiding).
 16093 | D:12     | Reached skill level 13 in Fighting
 16153 | D:12     | 16153 ||| Stepping ~*~*~tactically~*~*~ (hiding).
 16758 | D:12     | 16758 ||| UPGRADING to amulet of reflection.
 16768 | D:12     | 16768 ||| DROPPING amulet of regeneration.
 16769 | D:12     | 16769 ||| READING scroll labelled CUGIDGHEUTS.
 16867 | D:13     | 16867 ||| Stepping ~*~*~tactically~*~*~ (hiding).
 16869 | D:13     | 16869 ||| Stepping ~*~*~tactically~*~*~ (hiding).
 16870 | D:13     | 16870 ||| Stepping ~*~*~tactically~*~*~ (hiding).
 16916 | D:13     | 16916 ||| Stepping ~*~*~tactically~*~*~ (stealth).
 16950 | D:13     | 16950 ||| Stepping ~*~*~tactically~*~*~ (hiding).
 16958 | D:13     | Reached skill level 9 in Shields
 17163 | D:13     | 17163 ||| INVOKING Heroism.
 17378 | D:13     | 17378 ||| Stepping ~*~*~tactically~*~*~ (stealth).
 17396 | D:13     | 17396 ||| Stepping ~*~*~tactically~*~*~ (stealth).
 17402 | D:13     | 17402 ||| Stepping ~*~*~tactically~*~*~ (stealth).
 17482 | D:13     | Found an ornate altar of the Wu Jian Council.
 17544 | D:13     | 17544 ||| READING scroll of enchant armour.
 17544 | D:13     | 17544 ||| ENCHANTING +1 pair of gloves.
 17557 | D:13     | 17557 ||| DROPPING +6 ring of dexterity.
 17579 | D:14     | 17579 ||| PLANNING GAUNTLET
 17621 | D:14     | 17621 ||| INVOKING Heroism.
 17779 | D:14     | Identified the amulet "Ziew" {Will+ Regen+ Int+3}
 17783 | D:14     | 17783 ||| READING scroll of enchant armour.
 17783 | D:14     | 17783 ||| ENCHANTING +0 helmet.
 17802 | D:14     | 17802 ||| INVOKING Heroism.
 18072 | D:14     | 18072 ||| Stepping ~*~*~tactically~*~*~ (hiding).
 18073 | D:14     | 18073 ||| Stepping ~*~*~tactically~*~*~ (hiding).
 18074 | D:14     | 18074 ||| Stepping ~*~*~tactically~*~*~ (hiding).
 18075 | D:14     | 18075 ||| Stepping ~*~*~tactically~*~*~ (hiding).
 18100 | D:14     | 18100 ||| RIP GAUNTLET
 18116 | D:14     | 18116 ||| PLANNING D
 18197 | D:14     | Received a gift from Okawaru
 18215 | D:14     | Found a gate to the Vaults.
 18221 | D:14     | Reached skill level 14 in Fighting
 18568 | D:14     | Found a broken altar of Ashenzari.
 18607 | D:14     | 18607 ||| Stepping ~*~*~tactically~*~*~ (stealth).
 18613 | D:14     | 18613 ||| INVOKING Heroism.
 18614 | D:14     | 18614 ||| INVOKING Finesse.
 18629 | D:14     | 18629 ||| SWAPPING to +0 morningstar.
 18635 | D:14     | 18635 ||| SWAPPING to +6 spectral war axe.
 18712 | D:14     | 18712 ||| INVOKING Heroism.
 18713 | D:14     | 18713 ||| INVOKING Finesse.
 18717 | D:14     | 18717 ||| SWAPPING to +0 morningstar.
 18722 | D:14     | 18722 ||| SWAPPING to +6 spectral war axe.
 18859 | D:14     | 18859 ||| Stepping ~*~*~tactically~*~*~ (hiding).
 18860 | D:14     | 18860 ||| Stepping ~*~*~tactically~*~*~ (hiding).
 18966 | D:14     | 18966 ||| Stepping ~*~*~tactically~*~*~ (hiding).
 18968 | D:14     | 18968 ||| Stepping ~*~*~tactically~*~*~ (hiding).
 18969 | D:14     | 18969 ||| Stepping ~*~*~tactically~*~*~ (hiding).
 18970 | D:14     | 18970 ||| Stepping ~*~*~tactically~*~*~ (hiding).
 18971 | D:14     | 18971 ||| Stepping ~*~*~tactically~*~*~ (hiding).
 19020 | D:14     | 19020 ||| UPGRADING to amulet "Ziew" {Will+ Regen+ Int+3}.
 19030 | D:14     | 19030 ||| READING scroll labelled PAOL PAELAU.
 19031 | D:14     | 19031 ||| READING 14 scrolls of identify.
 19031 | D:14     | 19031 ||| IDENTIFYING smoky orange potion
 19032 | D:14     | 19032 ||| DROPPING potion of ambrosia.
 19067 | D:15     | Entered Level 15 of the Dungeon
 19117 | D:15     | 19117 ||| Stepping ~*~*~tactically~*~*~ (hiding).
 19118 | D:15     | 19118 ||| Stepping ~*~*~tactically~*~*~ (hiding).
 19120 | D:15     | 19120 ||| Stepping ~*~*~tactically~*~*~ (hiding).
 19126 | D:15     | Received a gift from Okawaru
 19127 | D:15     | Reached skill level 15 in Fighting
 19127 | D:15     | 19127 ||| Stepping ~*~*~tactically~*~*~ (hiding).
 19129 | D:15     | 19129 ||| INVOKING Heroism.
 19143 | D:15     | Received a gift from Okawaru
 19169 | D:15     | 19169 ||| INVOKING Heroism.
 19281 | D:15     | Found the +8 whip "Snakebite" {venom, curare, rPois}
 19382 | D:15     | Found a staircase to the Depths.
 19415 | D:15     | Found a white marble altar of Elyvilon.
 19716 | D:15     | 19716 ||| PLANNING ORC
 19850 | Orc:1    | Entered Level 1 of the Orcish Mines
 20010 | Orc:2    | Entered Level 2 of the Orcish Mines
 20010 | Orc:2    | Found Zulor's Antique Armour Boutique.
 20011 | Orc:2    | 20011 ||| INVOKING Heroism.
 20024 | Orc:2    | Reached XP level 16. HP: 77/108 MP: 23/23
 20047 | Orc:2    | Identified the +6 hand axe "Kajayt Miterch" {protect,
                  | Fragile rPois Str+3 SInv} (Okawaru gifted it to you on
                  | level 2 of the Orcish Mines)
 20047 | Orc:2    | Received a gift from Okawaru
 20053 | Orc:2    | 20053 ||| INVOKING Finesse.
 20122 | Orc:2    | 20122 ||| BUYING glowing hat (154 gold).
 20122 | Orc:2    | Bought a glowing hat for 154 gold pieces
 20135 | Orc:2    | Found Erikhlan's Book Emporium.
 20152 | Orc:2    | Found a staircase to the Elven Halls.
 20224 | Orc:2    | 20224 ||| DROPPING +2 hat.
 20369 | Orc:1    | 20369 ||| Stepping ~*~*~tactically~*~*~ (hiding).
 20370 | Orc:1    | 20370 ||| Stepping ~*~*~tactically~*~*~ (hiding).
 20371 | Orc:1    | 20371 ||| Stepping ~*~*~tactically~*~*~ (hiding).
 20503 | Orc:1    | 20503 ||| Stepping ~*~*~tactically~*~*~ (hiding).
 20513 | Orc:1    | 20513 ||| INVOKING Heroism.
 20697 | Orc:1    | 20697 ||| READING 13 scrolls of identify.
 20697 | Orc:1    | 20697 ||| IDENTIFYING metallic cyan potion
 20698 | Orc:1    | 20698 ||| DROPPING potion of brilliance.
 20763 | Orc:2    | 20763 ||| Stepping ~*~*~tactically~*~*~ (stealth).
 20768 | Orc:2    | 20768 ||| INVOKING Heroism.
 20893 | Orc:2    | Found Zoniuzae's General Store.
 20944 | Orc:2    | Found Linken's Magic Scroll Shop.
 20951 | Orc:2    | 20951 ||| BUYING 3 scrolls of teleportation (117 gold).
 20951 | Orc:2    | Bought 3 scrolls of teleportation for 117 gold pieces
 20951 | Orc:2    | 20951 ||| BUYING scroll of enchant weapon (97 gold).
 20951 | Orc:2    | Bought a scroll of enchant weapon for 97 gold pieces
 20951 | Orc:2    | 20951 ||| BUYING scroll of teleportation (39 gold).
 20951 | Orc:2    | Bought a scroll of teleportation for 39 gold pieces
 20951 | Orc:2    | 20951 ||| BUYING scroll of teleportation (39 gold).
 20951 | Orc:2    | Bought a scroll of teleportation for 39 gold pieces
 20951 | Orc:2    | 20951 ||| READING scroll of enchant weapon.
 20951 | Orc:2    | 20951 ||| ENCHANTING +6 spectral war axe.
 20991 | Orc:2    | Noticed Rupert
 20992 | Orc:2    | 20992 ||| INVOKING Heroism.
 21000 | Orc:2    | Killed Rupert
 21010 | Orc:2    | Found Midios's Antique Weapon Shop.
 21034 | Orc:2    | 21034 ||| BUYING glowing morningstar (189 gold).
 21034 | Orc:2    | Bought a glowing morningstar for 189 gold pieces
 21034 | Orc:2    | 21034 ||| DROPPING +0 morningstar.
 21055 | Orc:2    | 21055 ||| PLANNING SHOALS:1-3
 21055 | Orc:2    | 21055 ||| PLANNING LAIR
 21174 | Lair:5   | 21174 ||| PLANNING SHOALS:1-3
 21194 | Shoals:1 | Entered Level 1 of the Shoals
 21195 | Shoals:1 | 21195 ||| Stepping ~*~*~tactically~*~*~ (hiding).
 21196 | Shoals:1 | 21196 ||| INVOKING Heroism.
 21258 | Shoals:1 | 21258 ||| INVOKING Heroism.
 21401 | Shoals:1 | 21401 ||| INVOKING Heroism.
 21413 | Shoals:1 | Noticed Kirke
 21419 | Shoals:1 | Killed Kirke
 21435 | Shoals:1 | Reached skill level 16 in Fighting
 21448 | Shoals:1 | Found Syado's Armour Shop.
 21453 | Shoals:1 | 21453 ||| Stepping ~*~*~tactically~*~*~ (hiding).
 21454 | Shoals:1 | 21454 ||| Stepping ~*~*~tactically~*~*~ (hiding).
 21456 | Shoals:1 | 21456 ||| Stepping ~*~*~tactically~*~*~ (hiding).
 21457 | Shoals:1 | 21457 ||| Stepping ~*~*~tactically~*~*~ (hiding).
 21458 | Shoals:1 | 21458 ||| Stepping ~*~*~tactically~*~*~ (hiding).
 21459 | Shoals:1 | 21459 ||| INVOKING Heroism.
 21464 | Shoals:1 | Received a gift from Okawaru
 21672 | Shoals:1 | Identified the +2 plate armour of Dawn {rC+ rCorr}
 21675 | Shoals:1 | 21675 ||| Stepping ~*~*~tactically~*~*~ (stealth).
 21679 | Shoals:1 | 21679 ||| Stepping ~*~*~tactically~*~*~ (stealth).
 21685 | Shoals:1 | 21685 ||| Stepping ~*~*~tactically~*~*~ (stealth).
 21695 | Shoals:1 | 21695 ||| Stepping ~*~*~tactically~*~*~ (stealth).
 21698 | Shoals:1 | 21698 ||| Stepping ~*~*~tactically~*~*~ (hiding).
 21699 | Shoals:1 | 21699 ||| Stepping ~*~*~tactically~*~*~ (hiding).
 21918 | Shoals:1 | 21918 ||| INVOKING Heroism.
 22114 | Shoals:1 | 22114 ||| UPGRADING to +2 plate armour of Dawn {rC+ rCorr}.
 22124 | Shoals:1 | 22124 ||| DROPPING +1 plate armour of cold resistance.
 22125 | Shoals:1 | 22125 ||| DROPPING +3 ring mail of Sehapoe {Contam +Inv
                  | Will+ rCorr}.
 22186 | Shoals:2 | Reached skill level 6 in Throwing
 22395 | Shoals:2 | 22395 ||| READING scroll of enchant armour.
 22395 | Shoals:2 | 22395 ||| ENCHANTING +1 helmet.
 22430 | Shoals:2 | 22430 ||| Stepping ~*~*~tactically~*~*~ (hiding).
 22432 | Shoals:2 | 22432 ||| INVOKING Heroism.
 22472 | Shoals:2 | Identified the amulet "Wuttax" {Spirit Contam Fly rC++}
 22492 | Shoals:2 | 22492 ||| INVOKING Heroism.
 22559 | Shoals:2 | Received a gift from Okawaru
 22747 | Shoals:2 | Found Huphisti's One-of-a-Kind Rings.
 22753 | Shoals:2 | 22753 ||| BUYING +7 ring of protection (1656 gold).
 22753 | Shoals:2 | Bought a +7 ring of protection for 1656 gold pieces
 22753 | Shoals:2 | 22753 ||| SHOPLISTING +8 ring of slaying (3200 gold, have
                  | 366).
 22753 | Shoals:2 | 22753 ||| SHOPLISTING ring "Paasist" {rC+ Str+2} (579 gold,
                  | have 366).
 22947 | Shoals:2 | 22947 ||| DROPPING ring of positive energy.
 22948 | Shoals:2 | 22948 ||| UPGRADING to +7 ring of protection.
 22950 | Shoals:2 | 22950 ||| UPGRADING to +5 ring of evasion.
 22952 | Shoals:2 | 22952 ||| DROPPING +4 ring of protection.
 22964 | Shoals:2 | Noticed Ilsuiw
 22965 | Shoals:2 | 22965 ||| INVOKING Heroism.
 22977 | Shoals:2 | Killed Ilsuiw
 23087 | Shoals:3 | Noticed Polyphemus
 23088 | Shoals:3 | 23088 ||| INVOKING Heroism.
 23101 | Shoals:3 | 23101 ||| INVOKING Finesse.
 23106 | Shoals:3 | Killed Polyphemus
 23124 | Shoals:3 | 23124 ||| INVOKING Heroism.
 23197 | Shoals:3 | 23197 ||| Stepping ~*~*~tactically~*~*~ (hiding).
 23227 | Shoals:3 | 23227 ||| INVOKING Heroism.
 23239 | Shoals:3 | Received a gift from Okawaru
 23246 | Shoals:3 | 23246 ||| Stepping ~*~*~tactically~*~*~ (stealth).
 23248 | Shoals:3 | 23248 ||| Stepping ~*~*~tactically~*~*~ (stealth).
 23250 | Shoals:3 | 23250 ||| Stepping ~*~*~tactically~*~*~ (hiding).
 23252 | Shoals:3 | 23252 ||| Stepping ~*~*~tactically~*~*~ (hiding).
 23262 | Shoals:3 | Reached XP level 17. HP: 108/115 MP: 24/24
 23390 | Shoals:3 | 23390 ||| INVOKING Heroism.
 23397 | Shoals:3 | Reached skill level 15 in Armour
 23417 | Shoals:3 | Noticed Zipteul's ghost (adept NaBe)
 23418 | Shoals:3 | Found a runed translucent gate.
 23418 | Shoals:3 | Found a runed translucent gate.
 23442 | Shoals:3 | Found a runed translucent gate.
 23473 | Shoals:3 | Noticed Nikola
 23474 | Shoals:3 | 23474 ||| INVOKING Heroism.
 23480 | Shoals:3 | HP: 22/115 [Nikola/arc of chain lightning (63)]
 23481 | Shoals:3 | 23481 ||| READING 12 scrolls of teleportation.
 23482 | Shoals:3 | 23482 ||| DRINKING 8 potions of heal wounds.
 23483 | Shoals:3 | 23483 ||| DRINKING 7 potions of heal wounds.
 23512 | Shoals:3 | 23512 ||| INVOKING Heroism.
 23548 | Shoals:3 | 23548 ||| Stepping ~*~*~tactically~*~*~ (hiding).
 23549 | Shoals:3 | 23549 ||| Stepping ~*~*~tactically~*~*~ (hiding).
 23557 | Shoals:3 | Killed Nikola
 23557 | Shoals:3 | Received a gift from Okawaru
 23571 | Shoals:3 | 23571 ||| Stepping ~*~*~tactically~*~*~ (stealth).
 23573 | Shoals:3 | 23573 ||| Stepping ~*~*~tactically~*~*~ (hiding).
 23610 | Shoals:3 | 23610 ||| READING scroll of enchant weapon.
 23610 | Shoals:3 | 23610 ||| ENCHANTING +7 spectral war axe.
 24040 | Shoals:3 | 24040 ||| PLANNING SPIDER:1-3
 24156 | Spider:1 | Entered Level 1 of the Spider Nest
 24157 | Spider:1 | 24157 ||| Stepping ~*~*~tactically~*~*~ (hiding).
 24174 | Spider:1 | 24174 ||| Stepping ~*~*~tactically~*~*~ (stealth).
 24209 | Spider:1 | 24209 ||| INVOKING Heroism.
 24291 | Spider:1 | Reached skill level 17 in Fighting
 24444 | Spider:1 | 24444 ||| Stepping ~*~*~tactically~*~*~ (stealth).
 24446 | Spider:1 | 24446 ||| Stepping ~*~*~tactically~*~*~ (stealth).
 24498 | Spider:1 | 24498 ||| Stepping ~*~*~tactically~*~*~ (stealth).
 24645 | Spider:1 | 24645 ||| Stepping ~*~*~tactically~*~*~ (stealth).
 24672 | Spider:1 | 24672 ||| Stepping ~*~*~tactically~*~*~ (stealth).
 24682 | Spider:1 | 24682 ||| Stepping ~*~*~tactically~*~*~ (hiding).
 24685 | Spider:1 | 24685 ||| INVOKING Heroism.
 24711 | Spider:1 | Found a runed translucent gate.
 24712 | Spider:1 | Found a runed translucent gate.
 24714 | Spider:1 | Found a runed translucent gate.
 24716 | Spider:1 | Noticed Gohat's ghost (journeyman HOBe)
 24726 | Spider:1 | 24726 ||| Stepping ~*~*~tactically~*~*~ (stealth).
 24729 | Spider:1 | 24729 ||| Stepping ~*~*~tactically~*~*~ (stealth).
 24730 | Spider:1 | 24730 ||| Stepping ~*~*~tactically~*~*~ (stealth).
 24739 | Spider:1 | 24739 ||| DRINKING 9 potions of curing.
 24739 | Spider:1 | 24739 ||| (to cure confusion)
 24742 | Spider:1 | 24742 ||| INVOKING Heroism.
 24743 | Spider:1 | 24743 ||| DRINKING 8 potions of curing.
 24743 | Spider:1 | 24743 ||| (to cure confusion)
 24751 | Spider:1 | 24751 ||| DRINKING 7 potions of curing.
 24751 | Spider:1 | 24751 ||| (to cure confusion)
 24759 | Spider:1 | HP: 27/117 [wolf spider[a broodmother] (15)]
 24760 | Spider:1 | 24760 ||| READING 11 scrolls of teleportation.
 24760 | Spider:1 | HP: 9/117 [wolf spider[a broodmother] (6)]
 24760 | Spider:1 | HP: 2/117 [wolf spider[a broodmother] (7)]
 24760 | Spider:1 | Mangled by a wolf spider

Levels and vault maps discovered:
D:1:      dpeg_arrival_concentric_ovals, layout_basic,
          chequers_ecumenical_altar_simple, minmay_misc_feat_rugged,
          roderic_st_hans_cross, dk_noncrumbling_4
D:2:      layout_loops_ring, serial_shops, nicolae_shop_overgrown_old_shop,
          uniq_sigmund
D:3:      layout_loops_corners, fedhas_altar_2, corexii_leaking_fountain
D:4:      layout_basic, minmay_temple_entry_water_ring
D:5:      layout_loops_cross, serial_shops, shop, uniq_menkaure
D:6:      layout_basic, tso_oasis_becter, portal_sewer_entry_e,
          nicolae_elemental_shop, uniq_duvessa
D:7:      layout_loops_ring, led_sif_book, serial_glass, glass_columns_c,
          glass_columns_a, chequers_serial_rivers_micro_b,
          minmay_misc_feat_enclosed, minmay_manual_mess
D:8:      layout_basic, worldfamousw_hep_ancestral_shrine, minmay_manual_mail
D:9:      layout_irregular_city
D:10:     layout_rooms, erik_lair_orcish_takeover, david_orc_3,
          dreamdust_princess_corridor, nrook_mini_vaults,
          chequers_serial_rivers_large_b, st_stairs_5,
          hellmonk_guarded_unrand_cigotuvi
D:11:     minmay_bloctagon, layout_cave_pods,
          portal_ice_cave_entry_ice_simulacra, nicolae_ru_path_of_blood,
          uniq_erica, uniq_snorg
D:12:     layout_loops_corners, roderic_batcave
D:13:     layout_rooms, pdpol_wu_jian_five_deadly_venoms
D:14:     layout_irregular_city, grunt_vaults_entry_tiered,
          nicolae_ashenzari_panopticon, gauntlet_entry_generic,
          minmay_lindwurm_lava
D:15:     grunt_enter_depths_giant_problem, layout_irregular_city,
          elyvilon_altar_5
Temple:   nicolae_temple_two_arcs
Lair:1:   layout_chaotic_city, gammafunk_ghost_berserking_beasts,
          grunt_forest_stairs_basic
Lair:2:   layout_layer_cave, nicolae_spider_entry_orb_guardian, uniq_fannar
Lair:3:   layout_roguey, minmay_shoals_entry_beasts, evilmike_ambush
          [evilmike_ambush_outer_basic, evilmike_ambush_inner_wall_1]
Lair:4:   layout_hall_layers, minmay_slime_entry_oklob_open
Lair:5:   guppyfry_lair_end_dragon, layout_regular_city,
          hangedman_lair_tendril_chambers
Shoals:1: layout_shoals, serial_shops, nicolae_square_shop, uniq_kirke
Shoals:2: layout_shoals, nicolae_shop_unique_rings,
          nicolae_shoals_hunting_party, uniq_ilsuiw
Shoals:3: layout_shoals, gammafunk_ghost_split, uniq_nikola, uniq_polyphemus
Spider:1: layout_spider_delve, gammafunk_ghost_necromancy
Orc:1:    layout_diamond_mine, minmay_orc_keep
Orc:2:    grunt_orc_gardens, layout_diamond_mine, grunt_orc_garden,
          grunt_orc_garden, grunt_orc_garden, grunt_orc_garden, serial_shops,
          nicolae_shop_just_a_little_nook, enter_volcano_3, uniq_rupert

Skill      XL: |  1  2  3  4  5  6  7  8  9 10 11 12 13 14 15 16 17 |
---------------+----------------------------------------------------+-----
Axes           | 2 5 6 7 8 9 11 13 15 16 | 16.0
Fighting       | 4 5 6 7 8 9 10 11 12 15 16 17 | 17.0
Dodging        | 1 2 3 4 |  4.0
Armour         | 4 6 7 8 9 10 12 13 14 15 | 15.7
Invocations    | 3 4 5 9 10 | 10.0
Shields        | 4 5 6 7 8 9 10 | 10.0
Throwing       | 1 3 8 |  8.6

Action                     |  1- 3 |  4- 6 |  7- 9 | 10-12 | 13-15 | 16-18 || total
---------------------------+-------+-------+-------+-------+-------+-------++-------
  Melee: War axe           |    54 |   122 |   218 |   404 |   725 |   442 ||  1965
         Morningstar       |       |       |       |       |    31 |       ||    31
  Throw: Boomerang         |       |    46 |    19 |    94 |   176 |    96 ||   431
         Javelin           |       |       |       |    22 |     9 |    46 ||    77
 Invoke: Heroism           |       |       |     9 |    18 |    24 |    20 ||    71
         Finesse           |       |       |       |     1 |     9 |     2 ||    12
    Use: Scroll            |     1 |     4 |     9 |     8 |    11 |     6 ||    39
         Potion            |       |     4 |       |     5 |       |     5 ||    14
   Stab: Distracted        |       |       |       |     4 |    11 |    11 ||    26
 Armour: Scale mail        |    32 |    51 |       |       |       |       ||    83
         Chain mail        |       |    10 |    63 |       |       |       ||    73
         Plate armour      |       |       |    31 |   194 |   360 |   285 ||   870
  Dodge: Dodged            |    29 |    47 |    61 |    76 |   208 |   207 ||   628
  Block: Buckler           |    10 |    12 |    33 |    60 |   152 |    86 ||   353
         Reflection        |       |       |       |       |     6 |       ||     6

Table legend:
 A = Non-vault XP
 B = Vault XP
 C = Vault XP percentage of total XP
 D = Non-vault monster count
 E = Vault monster count
 F = Vault count percentage of total count
                 A         B        C        D         E       F
            +---------+---------+-------+---------+---------+-------
      Total |  140639 |   71959 |  33.8 |     580 |     232 |  28.6
            +---------+---------+-------+---------+---------+-------
        D:1 |      21 |       0 |   0.0 |      11 |       0 |   0.0
        D:2 |      87 |     214 |  71.1 |      21 |       1 |   4.5
        D:3 |     114 |       0 |   0.0 |      19 |       0 |   0.0
        D:4 |     533 |       0 |   0.0 |      25 |       0 |   0.0
        D:5 |     746 |     172 |  18.7 |      10 |       1 |   9.1
        D:6 |    1375 |     249 |  15.3 |      23 |      10 |  30.3
        D:7 |     920 |    1638 |  64.0 |      26 |       8 |  23.5
        D:8 |    1049 |    1780 |  62.9 |      24 |       5 |  17.2
        D:9 |    3812 |       0 |   0.0 |      27 |       0 |   0.0
       D:10 |    2547 |    3415 |  57.3 |      13 |      26 |  66.7
       D:11 |    7643 |    8189 |  51.7 |      32 |      23 |  41.8
       D:12 |    4611 |       9 |   0.2 |      15 |       6 |  28.6
       D:13 |    5273 |       0 |   0.0 |      13 |       0 |   0.0
       D:14 |    9848 |   10189 |  50.9 |      16 |      29 |  64.4
       D:15 |    8025 |    1119 |  12.2 |      19 |       1 |   5.0
     Lair:1 |    2981 |       0 |   0.0 |      11 |       0 |   0.0
     Lair:2 |    2209 |    1597 |  42.0 |      13 |       2 |  13.3
     Lair:3 |    3410 |    1884 |  35.6 |      14 |       6 |  30.0
     Lair:4 |   10386 |    2222 |  17.6 |      33 |       4 |  10.8
     Lair:5 |   15489 |   14001 |  47.5 |      46 |      51 |  52.6
   Shoals:1 |   15985 |    1592 |   9.1 |      31 |       2 |   6.1
   Shoals:2 |    5997 |    6322 |  51.3 |      12 |       8 |  40.0
   Shoals:3 |   16434 |    6151 |  27.2 |      30 |       5 |  14.3
   Spider:1 |   16654 |       0 |   0.0 |      40 |       0 |   0.0
      Orc:1 |    3170 |     250 |   7.3 |      31 |       9 |  22.5
      Orc:2 |    1320 |   10853 |  89.2 |      25 |      30 |  54.5
      Sewer |       0 |     113 | 100.0 |       0 |       5 | 100.0
            +---------+---------+-------+---------+---------+-------
